Map: Echo LE (Void)

Players

Randomizer - Winner!

  • Race: Zerg Zerg

Bop

  • Race: Protoss Protoss

VOD

Have the link to the VOD?

Description

Time

  • Played on: May 4, 2015, 6:30 p.m.
  • Length: 12:41
Show
View Real Time Build Order
Export as new Build Order

Randomizer Zerg - Winner!

Build Orders: Pool First, Lurkers 

Get SALT Encoding   

  12  0:01  Drone  
  13  0:08  Drone  
  14  0:16  Overlord  
  14  0:27  Extractor  
  14  0:28  Extractor  
  12  0:29  Drone x2  
  12  0:35  Drone  
  17  0:44  Drone  
  17  0:49  Spawning Pool  
  17  0:55  Drone  
  18  1:05  Drone  
  19  1:17  Hatchery  
  18  1:21  Drone  
  19  1:27  Overlord  
  19  1:36  Queen  
  19  1:38  Zergling x2  
  22  1:55  Drone  
  22  2:00  Drone  
  24  2:11  Queen  
  24  2:15  Overlord  
  26  2:21  Drone  
  27  2:28  Overlord  
  27  2:29  Queen  
  29  2:31  Drone  
  30  2:41  Drone  
  30  2:43  Drone  
  32  2:44  Drone  
  32  2:45  Drone x3  
  32  2:48  Extractor  
  32  2:50  Extractor  
  34  2:53  Roach Warren, Drone  
  34  2:56  Drone  
  35  3:03  Drone  
  36  3:14  Drone x2  
  36  3:17  Drone, Extractor  
  38  3:22  Drone x2  
  38  3:23  Drone x4  
  45  3:34  Roach x4  
  45  3:36  Overlord  
  51  3:43  Overlord  
  51  3:50  Burrow  
  51  3:51  Overlord  
  51  4:09  Drone x4  
  55  4:12  Lair  
  55  4:14  Overlord x2  
  55  4:15  Roach x2  
  59  4:37  Roach x5  
  69  4:46  Hatchery  
  69  4:52  Drone  
  69  4:53  Drone x3, Extractor  
  69  4:54  Drone x2  
  73  5:08  Evolution Chamber  
  73  5:09  Drone  
  73  5:10  Evolution Chamber, Drone  
  73  5:11  Glial Reconstitution  
  73  5:14  Drone  
  74  5:15  Drone  
  75  5:33  Overseer  
  75  5:48  Zerg Missile Weapons Level 1, Zerg Ground Armor Level 1  
  75  5:49  Overlord x2  
  77  5:50  Roach x4  
  83  5:58  Overlord x3  
  83  5:59  Drone x3  
  83  6:00  Drone x4  
  90  6:24  Drone  
  90  6:25  Drone, Hydralisk Den, Roach  
  91  6:28  Roach x9  
  91  6:29  Roach x4  
  109  6:48  Roach  
  109  6:49  Roach x6  
  117  6:57  Roach x5  
  117  6:58  Roach x5  
  111  7:08  Roach x5  
  115  7:29  Drone  
  116  7:30  Drone x6  
  116  7:32  Lurker Den  
  122  7:42  Zerg Ground Armor Level 2, Zerg Missile Weapons Level 2  
  122  7:53  Hatchery  
  122  7:56  Overlord x6, Extractor  
  122  7:57  Extractor  
  119  8:17  Hatchery  
  118  8:20  Drone x7  
  118  8:21  Drone x3  
  118  8:22  Queen  
  118  8:25  Hydralisk x5  
  118  8:26  Hydralisk x3  
  146  8:39  Roach x27  
  146  8:42  Infestation Pit  
  145  8:54  Drone x4  
  145  8:55  Drone, Overlord x4  
  150  9:08  Queen  
  152  9:10  Extractor  
  152  9:11  Extractor  
  152  9:13  Spine Crawler  
  152  9:15  Drone x2  
  152  9:16  Drone x4, Spine Crawler  
  152  9:17  Spine Crawler x2  
  153  9:18  Spine Crawler  
  151  9:27  Lurker x7  
  151  9:28  Lurker  
  158  9:36  Drone x2  
  158  9:37  Drone  
  156  9:40  Drone x2  
  156  9:41  Drone x2  
  157  9:52  Hydralisk x5  
  156  9:53  Hydralisk x2  
  156  9:57  Muscular Augments  
  170  10:14  Overseer  
  170  10:16  Hydralisk x2  
  170  10:17  Hydralisk x6  
  186  10:23  Drone x2  
  186  10:24  Drone x3  
  186  10:26  Overlord  
  191  10:30  Hive  
  185  10:59  Hydralisk x3  
  185  11:00  Hydralisk x6  
  194  11:09  Lurker x4  
  194  11:10  Lurker x2  
  178  11:35  Hydralisk  
  178  11:36  Hydralisk x9  
  186  12:08  Hydralisk x13  
  153  12:09  Hydralisk  
Show
View Real Time Build Order
Export as new Build Order

Bop Protoss 

Build Orders: Nexus First 

Get SALT Encoding   

  12  0:00  Probe  
  13  0:13  Probe  
  14  0:41  Nexus  
  14  0:49  Pylon  
  14  1:07  Probe (Chrono Boost), Gateway  
  15  1:18  Probe (Chrono Boost)  
  16  1:21  Assimilator  
  16  1:24  Probe (Chrono Boost)  
  17  1:34  Probe (Chrono Boost), Pylon  
  18  1:41  Probe (Chrono Boost)  
  19  1:53  Probe (Chrono Boost)  
  20  1:55  Cybernetics Core  
  20  1:59  Probe (Chrono Boost)  
  20  2:00  Zealot  
  23  2:04  Probe  
  24  2:13  Gateway  
  24  2:16  Probe (Chrono Boost)  
  25  2:24  Probe (Chrono Boost)  
  25  2:28  Probe (Chrono Boost)  
  26  2:32  Warp Gate  
  26  2:33  Probe (Chrono Boost)  
  26  2:34  Adept (Chrono Boost)  
  26  2:36  Probe (Chrono Boost)  
  31  2:48  Probe (Chrono Boost)  
  31  2:49  Probe (Chrono Boost), Pylon  
  32  2:54  Adept  
  34  3:00  Adept  
  34  3:05  Probe x2  
  38  3:17  Probe (Chrono Boost)  
  38  3:18  Probe (Chrono Boost)  
  40  3:20  Pylon  
  42  3:28  Adept (Chrono Boost)  
  42  3:29  Probe (Chrono Boost)  
  42  3:30  Probe (Chrono Boost)  
  42  3:33  Assimilator  
  44  3:34  Adept (Chrono Boost)  
  44  3:36  Assimilator  
  44  3:37  Probe x2 (Chrono Boost)  
  48  3:46  Probe  
  48  3:48  Twilight Council  
  49  3:49  Forge  
  49  3:50  Probe  
  50  3:58  Probe  
  51  4:05  Probe  
  52  4:10  Probe  
  52  4:12  Robotics Facility  
  52  4:13  Pylon  
  53  4:17  Probe  
  53  4:21  Protoss Ground Weapons Level 1 (Chrono Boost)  
  53  4:23  Probe  
  55  4:24  Gateway  
  55  4:25  Gateway  
  55  4:29  Probe  
  54  4:36  Probe  
  55  4:40  Pylon, Assimilator  
  55  4:41  Probe  
  56  4:48  Photon Cannon  
  56  4:49  Probe  
  56  4:51  Pylon  
  57  4:59  Blink (Chrono Boost)  
  57  5:04  Pylon  
  58  5:07  Observer (Chrono Boost)  
  58  5:16  Gateway  
  58  5:17  Gateway  
  58  5:21  Stalker x4  
  60  5:23  Probe  
  67  5:49  Adept x4  
  75  5:53  Gateway  
  75  5:55  Gateway  
  75  6:05  Protoss Ground Weapons Level 2 (Chrono Boost)  
  75  6:13  Pylon  
  75  6:15  Pylon  
  75  6:17  Pylon  
  75  6:18  Pylon  
  75  6:26  Nexus  
  75  6:36  Stalker x3  
  75  6:37  Stalker x3  
  75  6:57  Adept x2  
  69  7:02  Adept x5  
  69  7:03  Adept  
  79  7:16  Shield Upgrade  
  69  7:26  Stalker  
  69  7:27  Stalker x4  
  69  7:28  Stalker  
  77  7:38  Probe  
  77  7:39  Probe x2  
  77  7:42  Robotics Bay  
  77  7:43  Stalker  
  82  7:55  Pylon  
  82  8:02  Stalker x4  
  90  8:14  Photon Cannon  
  90  8:19  Pylon  
  90  8:28  Protoss Ground Weapons Level 3 (Chrono Boost)  
  94  8:34  Probe  
  94  8:35  Probe x2  
  94  8:37  Disruptor (Chrono Boost), Assimilator  
  94  8:40  Assimilator  
  97  8:42  Charge (Chrono Boost)  
  97  8:43  Zealot x4  
  97  8:46  Probe  
  106  9:00  Probe x3  
  109  9:08  Adept x3  
  115  9:12  Probe  
  116  9:36  Observer (Chrono Boost)  
  115  9:40  Zealot x5  
  115  9:41  Zealot  
  115  9:44  Pylon  
  115  9:45  Pylon  
  125  9:47  Pylon  
  127  9:53  Observer Gravitic Boosters (Chrono Boost)  
  127  9:57  Disruptor (Chrono Boost)  
  127  10:03  Adept x3, Robotics Facility  
  127  10:04  Adept x2  
  137  10:10  Dark Shrine  
  137  10:12  Adept  
  139  10:25  Adept x2  
  139  10:26  Adept x2  
  139  10:28  Probe  
  152  10:29  Disruptor  
  152  10:33  Disruptor (Chrono Boost)  
  152  10:41  Pylon  
  152  10:42  Pylon  
  89  11:08  Disruptor  
  76  11:12  Zealot x4  
  76  11:13  Zealot x4  
  76  11:16  Disruptor (Chrono Boost)  
  92  11:21  Disruptor x2  
  92  11:29  Disruptor x2  
  92  11:34  Dark Templar x4  
  92  11:36  Zealot x2  
  92  11:37  Zealot x2  
  92  11:39  Archon x2  
  108  11:45  Observer (Chrono Boost)  
  109  11:51  Observer (Chrono Boost)  
  75  12:10  Zealot x2  
  75  12:11  Zealot x5  
  86  12:18  Dark Templar  
  84  12:33  Pylon  
  84  12:34  Pylon  
  68  12:38  Dark Templar x3  
Tags
 
Add a new tag
Caveats
  • Supply blocks, unpowered buildings, or Contaminate may cause inaccurate times.
  • Supply counts are checked every 10 seconds.